← All builds
Beach sea / Cortex / Economy first / OBSERVED BUILD

Standard beach sea

The role's usual play: com goes to sea to build a shipyard around 2 minutes, pumping frigates and destroyers to contest enemy sea entry or hold vision, with an advanced metal extractor around 10 minutes as the transition into the team's…

Usually shipyard first (94%)

#naval #eco · 796 distinct matches · 106 players · 84% of Cortex Beach sea games · team won 55% of 859 · Recently observed

HOW TO PLAY IT

Key timing: Shipyard by 1:57

  1. Open 3 mex and wind while com heads straight to sea.
  2. Drop Shipyard fast, before 2:00, to seize early sea presence.
  3. Push "frigate" out to contest enemy sea entry or hold vision.
  4. Add "destroyer" as the fleet grows.
  5. Transition into Advanced Metal Extractor to catch up on eco.

Phase by phase

TYPICAL OF ITS 796 GAMES
  1. 1
  2. 2
  3. 3
PLAY THE OPENING

Follow the example game's first 6:00 step by step: what to build now, what comes next, and where it goes. At 1× it keeps pace with your own game.

  1. 1

    Up to the Shipyard

    Economy
    • Metal Extractor3Mex
    • Wind Turbine3Windfor allies
    • Wind Turbine2Wind
    • Energy Storage1Energy storage
    Order
    1. ShipyardShipyard after 3 mex, 2 wind, 1 energy storagedone ~1:57, middle half 1:45–2:08

    By 1:41 in all: 3 mex · 2 wind · 1 energy storage

    The example game in this phase · 7 steps
    1. Mex ×2
    2. Wind
    3. Mex
    4. Wind ×3for Air
    5. Energy storage
    6. Tidal
    7. ShipyardShipyarddone 2:00 · typical 1:57
  2. 2

    Shipyard to 5:00

    Economy
    • Metal Extractor5Mex
    • Tidal Generator2Tidal
    Builders
    • Construction Ship2 Con ship
    Army
    • Riptide2 Frigate
    • Herring1 Missile corvette
    • Oppressor1 Destroyer
    Other
    • Naval Radar / Sonar Tower1 Naval Radar / Sonar Tower

    Some games also: Urchin (43%) · wind (40%) · submarine (39%) · gunboat (36%) · con turret (36%)

    By 5:00 in all: 8 mex · 3 wind · 2 tidal · 1 energy storage

    The example game in this phase · 17 steps
    1. Construction ShipCon ship ×2
    2. HerringMissile corvette
    3. Mex
    4. Tidal
    5. OppressorDestroyerdone 4:12 · typical 5:10
    6. Mex ×2
    7. Naval Radar / Sonar TowerNaval Radar / Sonar Tower
    8. UrchinUrchin
    9. Naval Radar / Sonar TowerNaval Radar / Sonar Tower
    10. RiptideFrigatedone 4:49 · typical 3:52
    11. Naval Radar / Sonar TowerNaval Radar / Sonar Tower
    12. Wind
    13. GuardGuard
    14. Wind
    15. GuardGuard
    16. RiptideFrigate
    17. GuardGuard
  3. 3

    5:00 to 10:00

    Economy
    • Metal Extractor1Mex
    • Wind Turbine10Wind
    Builders
    • Death Cavalry1 Death Cavalry
    • Construction Ship1 Con ship
    Army
    • Urchin1 Urchin
    • Riptide5 Frigate
    • Oppressor2 Destroyer
    • Herring2 Missile corvette
    Other
    • Naval Radar / Sonar Tower1 Naval Radar / Sonar Tower

    Some games also: Naval Construction Turret (48%) · Guard (47%) · Radar Tower (41%) · tidal (38%) · con turret (35%)

    By 10:00 in all: 9 mex · 12 wind · 4 wind · 4 tidal · 1 energy storage · 1 Naval Construction Turret

    The example game in this phase · 67 steps
    1. Wind
    2. Mex
    3. RiptideFrigate
    4. Mex
    5. Wind
    6. GuardGuard
    7. Death CavalryDeath Cavalry
    8. Wind
    9. Radar TowerRadar Tower
    10. Wind
    11. Construction ShipCon ship
    12. HerringMissile corvette
    13. Naval Radar / Sonar TowerNaval Radar / Sonar Tower
    14. Wind
    15. OppressorDestroyer
    16. Wind
    17. RiptideFrigate
    18. Wind
    19. RiptideFrigate
    20. Wind
    21. Tidal
    22. RiptideFrigate
    23. Tidal
    24. Death CavalryDeath Cavalry
    25. Advanced Metal ExtractorT2 mexdone 9:25 · typical 9:57
    26. Tidal
    27. Construction ShipCon ship
    28. Tidal
    29. HerringMissile corvette
    30. Tidal
    31. Mex ×2
    32. Tidal
    33. Mex
    34. OppressorDestroyer
    35. Advanced Metal ExtractorT2 mex
    36. Radar TowerRadar Tower
    37. Naval Radar / Sonar TowerNaval Radar / Sonar Tower
    38. RiptideFrigate
    39. Advanced Metal ExtractorT2 mex
    40. RiptideFrigate
    41. GuardGuard
    42. RiptideFrigate
    43. GuardGuard
    44. Death CavalryDeath Cavalry
    45. Radar TowerRadar Tower
    46. Construction ShipCon ship
    47. HerringMissile corvette
    48. OppressorDestroyer
    49. Hovercraft PlatformHovercraft Platformdone 12:18
    50. Advanced Metal ExtractorT2 mex
    51. RiptideFrigate ×3
    52. GoonGoon ×2
    53. Naval Construction Turret
    54. Death CavalryDeath Cavalry
    55. GoonGoon ×3
    56. Construction ShipCon ship
    57. Naval Radar / Sonar TowerNaval Radar / Sonar Tower
    58. Wind ×2
    59. HerringMissile corvette
    60. Wind
    61. OppressorDestroyer
    62. Wind
    63. Naval Radar / Sonar TowerNaval Radar / Sonar Tower
    64. Naval Construction Turret ×2
    65. Advanced ShipyardAdvanced Shipyarddone 14:29
    66. UrchinUrchin ×2
    67. Advanced Construction SubAdvanced Construction Sub

Counts are medians over the build's games: half of them build more, half fewer. The example game is Adeus's (37 OS, 26/09/2026); pick another.

Team trades

IN AT LEAST 30% OF ITS GAMES

You hand over

  • Wind Turbine3 Wind to Airfirst at 1:52 · in 78% of games

You get

  • Finch1 Finch from Airfirst at 1:58 · in 82% of games
  • Lazarus1 Lazarus from Geofirst at 2:14 · in 62% of games
  • Hephaestus1 Heavy transport from Airfirst at 2:16 · in 68% of games
  • Construction Bot1 Con bot from Geofirst at 2:27 · in 69% of games
  • Hercules1 Light transport from Airfirst at 2:33 · in 32% of games
  • Advanced Construction Bot1 T2 con bot from Techfirst at 8:09 · in 88% of games

How it plays out

Typical game of this build, running totals by minute

Metal produced

010k20k30k
0:005:0010:0015:00

metal

Enemy metal destroyed

05k10k
0:005:0010:0015:00

metal

Own metal lost

02.5k5k7.5k
0:005:0010:0015:00

metal

859 games.

Show as table
ByMetal produced: This buildEnemy metal destroyed: This buildOwn metal lost: This build
1:0040300
2:0093700
3:00156700
4:0025252150
5:003701197100
6:005034535251
7:0064811091590
8:00807618251040
9:00968328531610
10:001159139952340
11:001381852133090
12:001636061593830
13:001915472004615
14:002195583275730
15:002495293256631
WHAT THE NUMBERS SAY

Standard Beach sea wins more than Geo sea's 50% and gets its Shipyard up faster, using early sea access before falling behind on land resources.

  • + Shipyard finishes by 1:57, faster than Geo sea's 3:18
  • + 54% team win rate beats the Cortex geo sea baseline
  • − Metal produced trails Geo sea's Cortex build, 24356 vs 28451 by 15:00
  • − T2 factory only lands in 35% of games by 12:42
THE EXAMPLE YOU ARE READING

Adeus

37.3 OS · 26/09/2026

Open source match ↗

6 received units · includes a constructor
422 metal received · 24765 energy received

Allied construction assistance is unknown. Timings are observations, not a promise of solo reproducibility.

Typical milestones

Shipyard1:57Middle 50%: 1:45–2:08 · n=857
Riptide3:52Middle 50%: 3:16–4:33 · n=845
Oppressor5:10Middle 50%: 4:13–6:08 · n=830
Advanced Metal Extractor9:57Middle 50%: 9:16–10:53 · n=730

Played most by

EpicTyrannus82games of this buildDamsko66games of this buildWaboum64games of this buildPRO_HYDRA58games of this buildMrCoolPotato51games of this build